 Dungeon Crawl Stone Soup version 0.28.0-53-g5a82cb258f (webtiles) character file.

Game seed: 14294108366893362390

527 cbfl8 the Chopper (level 7, -7/62 HPs)
             Began as a Minotaur Berserker on Nov 20, 2022.
             Was a Priest of Trog.
             Mangled by an ogre
             ... wielding a +0 giant club
              (10 damage)
             ... on level 4 of the Dungeon.
             The game lasted 00:04:04 (4349 turns).

cbfl8 the Chopper (Minotaur Berserker)              Turns: 4349, Time: 00:04:04

Health: -7/62      AC: 15    Str: 21    XL:     7   Next: 3%
Magic:  6/6        EV:  7    Int:  4    God:    Trog [***...]
Gold:   192        SH:  0    Dex: 12    Spells: 6/6 levels left

rFire   . . .      SeeInvis .   a - +0 hand axe
rCold   . . .      Faith    .   (no shield)
rNeg    . . .      Spirit   .   l - +0 plate armour
rPois   .          Reflect  .   (helmet restricted)
rElec   .          Harm     .   m - +0 cloak
rCorr   .          Rampage  .   n - +0 pair of gloves
Will    +....                   s - +0 pair of boots
Stlth   ..........              (no amulet)
HPRegen 0.20/turn               b - ring of willpower
MPRegen 0.10/turn               (no ring)

@: no status effects
A: horns 2, retaliatory headbutt
a: Renounce Religion, Berserk, Trog's Hand


You were on level 4 of the Dungeon.
You worshipped Trog.
Trog was most pleased with you.
You visited 1 branch of the dungeon, and saw 4 of its levels.

You collected 192 gold pieces.

Inventory:

Hand Weapons
 a - a +0 hand axe (weapon)
Armour
 l - a +0 plate armour (worn)
 m - a +0 cloak (worn)
 n - a +0 pair of gloves (worn)
 s - a +0 pair of boots (worn)
Jewellery
 b - a ring of willpower (left hand)
Scrolls
 c - a scroll of acquirement {unknown}
 d - a scroll of enchant weapon
 f - 3 scrolls of teleportation
 g - 3 scrolls of enchant armour
 h - a scroll of blinking
 j - a scroll of vulnerability {unknown}
 o - a scroll of silence {unknown}
 p - a scroll of fear {unknown}
 r - 2 scrolls of fog {unknown}
Potions
 e - a potion of mutation {unknown}
 i - 2 potions of degeneration {unknown}
 k - a potion of might {unknown}
 q - a potion of lignification {unknown}


   Skills:
 * Level 5.7 Fighting
 * Level 7.0 Axes
 + Level 3.7 Armour
 * Level 3.3 Dodging
 + Level 0.5 Stealth
 * Level 1.2 Evocations


You had 6 spell levels left.
You didn't know any spells.
Your spell library was empty.

Dungeon Overview and Level Annotations

Branches:
Dungeon (4/15)
 Temple: D:4-7

Altars:
Cheibriados
Gozag
Makhleb
Uskayaw
Zin

Shops:
D:1 *


Innate Abilities, Weirdness & Mutations

You have a pair of horns on your head.
You reflexively headbutt those who attack you in melee.


Message History

You now have 182 gold pieces (gained 14).
You open the door.
You now have 192 gold pieces (gained 10).
You open the door.
There is an open door here.
You open the door.
There is an open door here.
Key pressed, stopping explore.
No target in view!
Found a leather armour.
No target in view!
Found a hide-covered altar of Uskayaw.
No target in view!
A kobold comes into view. It is wielding a +0 short sword.
The kobold shouts!
An ogre comes into view. It is wielding a +0 giant club.
There are monsters nearby!
There are monsters nearby!
You slash the kobold!
You kill the kobold!
Trog accepts your kill. The ogre hits you with a +0 giant club!
Things that are here:
a +0 short sword; 2 stones; a kobold corpse You hit the ogre but do no damage.
The ogre closely misses you.
You barely miss the ogre. The ogre hits you with a +0 giant club!
You hit the ogre but do no damage. You slash the ogre! You headbutt the ogre.
The ogre is moderately wounded.
The ogre hits you with a +0 giant club!
You are too injured to fight recklessly!
You are too injured to fight recklessly!
You barely miss the ogre.
The ogre is moderately wounded.
The ogre hits you with a +0 giant club!!
* * * LOW HITPOINT WARNING * * *
You hit the ogre.
The ogre is heavily wounded.
The ogre hits you with a +0 giant club!
You die...

.########......#
.#.............#....#
.#.............#....#
.##............#....#
.##............#....#
.##<...##......#....#
.##....##......#....#
...............#O...#
...............#@...#
.##...........[#....#
.##............#...$#
..#............#....#
..#.................#
..#........#######..#
###........# ### ..#
.# ........# ### ..#
.###+####... +_+ ..#


You could see an ogre.

Vanquished Creatures
  A necrophage (D:4)
  Blork the orc (D:4)
  2 orc priests (D:4)
  Crazy Yiuf (D:2)
  Terence (D:2)
  2 orc wizards
  Robin (D:4)
  6 adders
  4 gnolls
  An adder skeleton (D:4)
  A worm (D:2)
  3 dart slugs
  7 orcs
  4 ball pythons
  3 bats
  13 endoplasms
  3 giant cockroaches
  7 goblins
  14 hobgoblins
  3 jackals (D:3)
  4 quokkas
  2 frilled lizards (D:2)
  8 kobolds
  4 rats
96 creatures vanquished.

Notes
Turn   | Place    | Note
-------+----------+-------------------------------------------
     0 | D:1      | cbfl8 the Minotaur Berserker began the quest for the Orb.
     0 | D:1      | Reached XP level 1. HP: 19/19 MP: 0/0
   190 | D:1      | Found a faded altar of an unknown god.
   390 | D:1      | Reached XP level 2. HP: 27/27 MP: 1/1
   406 | D:1      | Reached skill level 4 in Axes
   938 | D:1      | Found Hogeasuwn's General Store.
  1035 | D:1      | Reached XP level 3. HP: 22/33 MP: 2/2
  1444 | D:2      | Found a runed translucent door.
  1445 | D:2      | Noticed Crazy Yiuf
  1461 | D:2      | Noticed Terence
  1473 | D:2      | Killed Terence
  1786 | D:2      | Reached skill level 5 in Axes
  1786 | D:2      | Reached XP level 4. HP: 37/41 MP: 3/3
  1840 | D:2      | Reached ** piety under Trog
  2681 | D:2      | Paralysed by Crazy Yiuf for 4 turns
  2686 | D:2      | Killed Crazy Yiuf
  2687 | D:2      | Reached XP level 5. HP: 47/47 MP: 2/4
  2795 | D:3      | Reached skill level 5 in Fighting
  2939 | D:3      | Found a snail-covered altar of Cheibriados.
  3118 | D:3      | Found a glowing silver altar of Zin.
  3118 | D:3      | Found an opulent altar of Gozag.
  3163 | D:3      | Reached skill level 6 in Axes
  3698 | D:4      | Found a burning altar of Makhleb.
  3758 | D:4      | Reached XP level 6. HP: 35/56 MP: 5/5
  3904 | D:4      | Noticed Robin
  3914 | D:4      | Killed Robin
  3991 | D:4      | Reached skill level 1 in Evocations
  4125 | D:4      | Noticed Blork the orc
  4134 | D:4      | Reached *** piety under Trog
  4140 | D:4      | Killed Blork the orc
  4141 | D:4      | Reached skill level 7 in Axes
  4141 | D:4      | Reached XP level 7. HP: 62/62 MP: 6/6
  4336 | D:4      | Found a hide-covered altar of Uskayaw.
  4348 | D:4      | HP: 3/62 [ogre/+0 giant club (20)]
  4349 | D:4      | Mangled by an ogre

Illustrated notes

Levels and vault maps discovered:
D:1:      lemuel_arrival_hallway, layout_basic, shapermc_ecumenical_altar_petra,
          serial_shops, nicolae_shop_hallway_plus
D:2:      minmay_diamond_boxcup, layout_loops_cross, minmay_surrounded,
          uniq_terence, uniq_crazy_yiuf_cottage
D:3:      layout_rooms, grunt_temple_overflow_gold_and_silver,
          cheibriados_altar_1, dk_vineyard_2
D:4:      layout_gridville, mainiacjoe_overflow_24_doors,
          mainiacjoe_overflow_brackets, lemuel_doored_altar, uniq_blork_the_orc,
          uniq_natasha, uniq_robin

Skill      XL: |  1  2  3  4  5  6 |
---------------+-------------------+-----
Axes           | 4 5 6 7 |  7.0
Fighting       | 4 5 |  5.7
Armour         | 3 |  3.7
Dodging        | 3 |  3.3
Evocations     | 1 |  1.2
Stealth        | |  0.5

Action                   |  1- 3 |  4- 6 |  7- 9 || total
-------------------------+-------+-------+-------++-------
Melee: Hand axe          |    56 |   186 |    14 ||   256
       Headbutt          |     7 |    22 |     1 ||    30
       Punch             |     2 |     2 |       ||     4
Invok: Berserk           |     1 |     4 |       ||     5
  Use: Scroll            |       |     4 |       ||     4
Armor: Animal skin       |     4 |       |       ||     4
       Plate armour      |     5 |   108 |     4 ||   117
Dodge: Dodged            |    26 |    52 |     3 ||    81
